TOP OF THE 1ST |
Niagara Falls Frenzy batting - Pitching for Greenville 84s : LHP Osvaldo Cruz
|
Pitching: LHP Osvaldo Cruz
|
|
Batting: RHB Eichiro Yamamoto
|
0-0: Called Strike 0-1: Ball 1-1: Called Strike 1-2: Strikes out swinging
|
Batting: LHB Clyde Yarbrough
|
0-0: Ball 1-0: Swinging Strike 1-1: SINGLE (Groundball, 25) (infield hit)
|
Batting: LHB Dante Owens
|
0-0: Called Strike 0-1: Swinging Strike 0-2: Ball 1-2: Strikes out looking
|
Batting: LHB Donovan Bird
|
0-0: Ball 1-0: Called Strike 1-1: Ball 2-1: Foul Ball, location: 2F 2-2: Foul Ball, location: 2F 2-2: Ball 3-2: Foul Ball, location: 2F 3-2: Ground out 1-3 (Groundball, 13)
|
Top of the 1st over - 0 run(s), 1 hit(s), 0 error(s), 1 left on base; Niagara Falls 0 - Greenville 0 |
BOTTOM OF THE 1ST |
Greenville 84s batting - Pitching for Niagara Falls Frenzy : LHP Manuel Rodríguez
|
Pitching: LHP Manuel Rodríguez
|
|
Batting: RHB Carlos Torres
|
0-0: Ball 1-0: Ball 2-0: Foul Ball, location: 2F 2-1: Foul Ball, location: 2F 2-2: Ball 3-2: Fly out, F3 (Popup, 3F)
|
Batting: LHB Chris Moore
|
0-0: Swinging Strike 0-1: Foul Ball, location: 2F 0-2: Foul Ball, location: 2F 0-2: Foul Ball, location: 2F 0-2: Ball 1-2: Foul Ball, location: 2F 1-2: SINGLE (Line Drive, 4M)
|
Batting: RHB Enzo Díaz
|
0-0: Ball 1-0: Ball 2-0: Foul Ball, location: 2F 2-1: Fly out, F4 (Popup, 4M)
|
Batting: LHB Jimmy Vickers
|
0-0: Called Strike 0-1: DOUBLE (Line Drive, 4D) Chris Moore to third Runner from 3rd tries for Home, throw and OUT!
|
Bottom of the 1st over - 0 run(s), 2 hit(s), 0 error(s), 1 left on base; Niagara Falls 0 - Greenville 0 |
TOP OF THE 2ND |
Niagara Falls Frenzy batting - Pitching for Greenville 84s : LHP Osvaldo Cruz
|
Batting: RHB Lawrence Schroeder
|
0-0: Ball 1-0: Foul Ball, location: 2F 1-1: Foul Ball, location: 2F 1-2: DOUBLE (Line Drive, 9LS)
|
Batting: SHB Shumei Yokoyama
|
0-0: Fly out, F4 (Popup, 4)
|
Batting: RHB Ángel Hinojosa
|
0-0: SINGLE (Flyball, 8LS) Lawrence Schroeder to third Throwing error, E8 Lawrence Schroeder scores Ángel Hinojosa to second
|
Batting: RHB Juan Sánchez
|
0-0: Ball 1-0: Swinging Strike 1-1: Ball 2-1: Foul Ball, location: 2F 2-2: Ground out 6-3 (Groundball, 6)
|
Batting: RHB Juan Carlos Rodríguez
|
0-0: Ball 1-0: Fly out, F3 (Popup, 3SF)
|
Top of the 2nd over - 1 run(s), 2 hit(s), 1 error(s), 1 left on base; Niagara Falls 1 - Greenville 0 |
BOTTOM OF THE 2ND |
Greenville 84s batting - Pitching for Niagara Falls Frenzy : LHP Manuel Rodríguez
|
Batting: LHB Paco Rosas
|
0-0: Foul Ball, location: 2F 0-1: Ball 1-1: Ball 2-1: Foul Ball, location: 2F 2-2: Fly out, F8 (Flyball, 8RS)
|
Batting: RHB Greg Handrahan
|
0-0: Swinging Strike 0-1: Called Strike 0-2: Ball 1-2: Ball 2-2: Ground out 1-3 (Groundball, 15S)
|
Batting: LHB Kiyonaga Morita
|
0-0: Ball 1-0: Ball 2-0: Called Strike 2-1: Foul Ball, location: 2F 2-2: Fly out, F9 (Flyball, 9M)
|
Bottom of the 2nd over - 0 run(s), 0 hit(s), 0 error(s), 0 left on base; Niagara Falls 1 - Greenville 0 |
TOP OF THE 3RD |
Niagara Falls Frenzy batting - Pitching for Greenville 84s : LHP Osvaldo Cruz
|
Batting: RHB Eichiro Yamamoto
|
0-0: Ball 1-0: Ball 2-0: Ground out 5-3 (Groundball, 5L)
|
Batting: LHB Clyde Yarbrough
|
0-0: Called Strike 0-1: Ball 1-1: Ball 2-1: Called Strike 2-2: SINGLE (Line Drive, 34D)
|
Batting: LHB Dante Owens
|
0-0: Called Strike 0-1: Ball 1-1: Ball 2-1: Ball 3-1: Foul Ball, location: 2F 3-2: Base on Balls Clyde Yarbrough to second
|
Batting: LHB Donovan Bird
|
0-0: Ball 1-0: Ball 2-0: Swinging Strike 2-1: Called Strike 2-2: Strikes out looking
|
Batting: RHB Lawrence Schroeder
|
0-0: Ball 1-0: Called Strike 1-1: Called Strike 1-2: Ball 2-2: Fly out, F9 (Flyball, 89S)
|
Top of the 3rd over - 0 run(s), 1 hit(s), 0 error(s), 2 left on base; Niagara Falls 1 - Greenville 0 |
BOTTOM OF THE 3RD |
Greenville 84s batting - Pitching for Niagara Falls Frenzy : LHP Manuel Rodríguez
|
Batting: LHB Al Mills
|
0-0: Ball 1-0: Called Strike 1-1: Swinging Strike 1-2: Foul Ball, location: 2F 1-2: Ball 2-2: Ball 3-2: Fly out, F4 (Line Drive, 4)
|
Batting: LHB Brock Larsen
|
0-0: Ball 1-0: Called Strike 1-1: Ball 2-1: Ball 3-1: Called Strike 3-2: SINGLE (Groundball, 56D)
|
Batting: RHB Carlos Torres
|
0-0: Ball 1-0: Ball 2-0: Ball 3-0: Called Strike 3-1: Base on Balls Brock Larsen to second
|
Batting: LHB Chris Moore
|
0-0: Ball 1-0: Called Strike 1-1: Ball 2-1: Foul Ball, location: 2F 2-2: Ball 3-2: Foul Ball, location: 2F 3-2: Ground out U3 (Groundball, 3S) Brock Larsen to third Carlos Torres to second
|
Batting: RHB Enzo Díaz
|
0-0: Called Strike 0-1: Fly out, F8 (Line Drive, 8LD)
|
Bottom of the 3rd over - 0 run(s), 1 hit(s), 0 error(s), 2 left on base; Niagara Falls 1 - Greenville 0 |
TOP OF THE 4TH |
Niagara Falls Frenzy batting - Pitching for Greenville 84s : LHP Osvaldo Cruz
|
Batting: SHB Shumei Yokoyama
|
0-0: Ball 1-0: Called Strike 1-1: Foul Ball, location: 2F 1-2: Reached on error, E4 (Groundball, 4)
|
Batting: RHB Ángel Hinojosa
|
0-0: Foul Ball, location: 2F 0-1: Called Strike 0-2: Foul Ball, location: 2F 0-2: Fly out, F9 (Flyball, 89XD)
|
Batting: RHB Juan Sánchez
|
0-0: Called Strike 0-1: Ball 1-1: SINGLE (Line Drive, 7LS) Shumei Yokoyama to second
|
Batting: RHB Juan Carlos Rodríguez
|
0-0: Ball 1-0: Fly out, F4 (Popup, 4MD)
|
Batting: RHB Eichiro Yamamoto
|
0-0: Ball 1-0: Swinging Strike 1-1: Ball 2-1: Swinging Strike 2-2: Ball 3-2: Fly out, F7 (Flyball, 7D)
|
Top of the 4th over - 0 run(s), 1 hit(s), 1 error(s), 2 left on base; Niagara Falls 1 - Greenville 0 |
BOTTOM OF THE 4TH |
Greenville 84s batting - Pitching for Niagara Falls Frenzy : LHP Manuel Rodríguez
|
Batting: LHB Jimmy Vickers
|
0-0: Swinging Strike 0-1: Ground out 6-3 (Groundball, 6)
|
Batting: LHB Paco Rosas
|
0-0: Called Strike 0-1: Swinging Strike 0-2: DOUBLE (Groundball, 3L)
|
Batting: RHB Greg Handrahan
|
0-0: Ball 1-0: Called Strike 1-1: Called Strike 1-2: Foul Ball, location: 2F 1-2: Foul Ball, location: 2F 1-2: Foul Ball, location: 2F 1-2: Foul Ball, location: 2F 1-2: Ball 2-2: Foul Ball, location: 2F 2-2: Ball 3-2: Foul Ball, location: 2F 3-2: Strikes out looking
|
Batting: LHB Kiyonaga Morita
|
0-0: Ball 1-0: Fly out, F8 (Flyball, 8RD)
|
Bottom of the 4th over - 0 run(s), 1 hit(s), 0 error(s), 1 left on base; Niagara Falls 1 - Greenville 0 |
TOP OF THE 5TH |
Niagara Falls Frenzy batting - Pitching for Greenville 84s : LHP Osvaldo Cruz
|
Batting: LHB Clyde Yarbrough
|
0-0: Ball 1-0: Called Strike 1-1: Ball 2-1: Foul Ball, location: 2F 2-2: Foul Ball, location: 2F 2-2: Ball 3-2: DOUBLE (Line Drive, 8LD)
|
Batting: LHB Dante Owens
|
0-0: Swinging Strike 0-1: Ball 1-1: Foul Ball, location: 2F 1-2: Strikes out swinging
|
Pitching: RHP Dave Johnston
|
|
Batting: LHB Donovan Bird
|
0-0: Ball 1-0: Ball 2-0: Swinging Strike 2-1: Ball 3-1: Called Strike 3-2: Base on Balls
|
Batting: RHB Lawrence Schroeder
|
0-0: Ball 1-0: Ball 2-0: Foul Ball, location: 2F 2-1: Foul Ball, location: 2F 2-2: Foul Ball, location: 2F 2-2: SINGLE (Groundball, 6MD) Clyde Yarbrough to third Donovan Bird to second Runner from 3rd tries for Home, SAFE, throw made home
|
Batting: SHB Shumei Yokoyama
|
0-0: Foul Ball, location: 2F 0-1: Foul Ball, location: 2F 0-2: Grounds into double play, 5-4-3 (Groundball, 56)
|
Top of the 5th over - 1 run(s), 2 hit(s), 0 error(s), 1 left on base; Niagara Falls 2 - Greenville 0 |
BOTTOM OF THE 5TH |
Greenville 84s batting - Pitching for Niagara Falls Frenzy : LHP Manuel Rodríguez
|
Batting: LHB Al Mills
|
0-0: Foul Ball, location: 2F 0-1: Ball 1-1: Ball 2-1: Called Strike 2-2: Ball 3-2: Foul Ball, location: 2F 3-2: Strikes out looking
|
Batting: LHB Brock Larsen
|
0-0: Swinging Strike 0-1: Called Strike 0-2: Ball 1-2: Strikes out swinging
|
Batting: RHB Carlos Torres
|
0-0: Ball 1-0: Called Strike 1-1: Ball 2-1: Ball 3-1: DOUBLE (Line Drive, 7LS)
|
Batting: LHB Chris Moore
|
0-0: Called Strike 0-1: Ball 1-1: Foul Ball, location: 2F 1-2: Foul Ball, location: 2F 1-2: Ball 2-2: Ball 3-2: 2-RUN HOME RUN (Flyball, 9D), Distance : 343 ft
|
Batting: RHB Enzo Díaz
|
0-0: Ground out U3 (Groundball, 3L)
|
Bottom of the 5th over - 2 run(s), 2 hit(s), 0 error(s), 0 left on base; Niagara Falls 2 - Greenville 2 |
TOP OF THE 6TH |
Niagara Falls Frenzy batting - Pitching for Greenville 84s : RHP Dave Johnston
|
Batting: RHB Ángel Hinojosa
|
0-0: Foul Ball, location: 2F 0-1: Called Strike 0-2: Ball 1-2: Ground out 6-3 (Groundball, 6MD)
|
Batting: RHB Juan Sánchez
|
0-0: Ball 1-0: Ball 2-0: Ball 3-0: Called Strike 3-1: Called Strike 3-2: Strikes out looking
|
Batting: RHB Juan Carlos Rodríguez
|
0-0: Called Strike 0-1: Ground out 6-3 (Groundball, 6M)
|
Top of the 6th over - 0 run(s), 0 hit(s), 0 error(s), 0 left on base; Niagara Falls 2 - Greenville 2 |
BOTTOM OF THE 6TH |
Greenville 84s batting - Pitching for Niagara Falls Frenzy : LHP Manuel Rodríguez
|
Pitching: LHP António Bueno
|
|
Batting: LHB Jimmy Vickers
|
0-0: Ball 1-0: SINGLE (Groundball, 4MD)
|
Batting: LHB Paco Rosas
|
0-0: Grounds into double play, 1-4-3 (Groundball, 13)
|
Batting: RHB Greg Handrahan
|
0-0: Ball 1-0: Called Strike 1-1: Ball 2-1: Ball 3-1: Foul Ball, location: 2F 3-2: Strikes out swinging
|
Bottom of the 6th over - 0 run(s), 1 hit(s), 0 error(s), 0 left on base; Niagara Falls 2 - Greenville 2 |
TOP OF THE 7TH |
Niagara Falls Frenzy batting - Pitching for Greenville 84s : RHP Dave Johnston
|
Batting: RHB Eichiro Yamamoto
|
0-0: Swinging Strike 0-1: Ball 1-1: Ball 2-1: Foul Ball, location: 2F 2-2: Foul Ball, location: 2F 2-2: Ground out 5-3 (Groundball, 15S)
|
Pitching: LHP Manuel Herrera
|
|
Batting: LHB Clyde Yarbrough
|
0-0: Ball 1-0: Called Strike 1-1: Foul Ball, location: 2F 1-2: Ground out 3-1 (Groundball, 34)
|
Batting: LHB Dante Owens
|
0-0: Ball 1-0: Called Strike 1-1: Ball 2-1: Ball 3-1: DOUBLE (Line Drive, 9LM)
|
Batting: LHB Donovan Bird
|
0-0: Called Strike 0-1: Ball 1-1: Ball 2-1: Ground out 5-3 (Groundball, 15S)
|
Top of the 7th over - 0 run(s), 1 hit(s), 0 error(s), 1 left on base; Niagara Falls 2 - Greenville 2 |
BOTTOM OF THE 7TH |
Greenville 84s batting - Pitching for Niagara Falls Frenzy : LHP António Bueno
|
Batting: LHB Kiyonaga Morita
|
0-0: Fly out, F7 (Flyball, 7M)
|
Batting: LHB Al Mills
|
0-0: Called Strike 0-1: Foul Ball, location: 2F 0-2: Ground out 4-3 (Groundball, 4)
|
Batting: LHB Brock Larsen
|
0-0: Called Strike 0-1: Ball 1-1: Swinging Strike 1-2: Strikes out looking
|
Bottom of the 7th over - 0 run(s), 0 hit(s), 0 error(s), 0 left on base; Niagara Falls 2 - Greenville 2 |
TOP OF THE 8TH |
Niagara Falls Frenzy batting - Pitching for Greenville 84s : LHP Manuel Herrera
|
Batting: RHB Lawrence Schroeder
|
0-0: Called Strike 0-1: Called Strike 0-2: Ball 1-2: Ball 2-2: Ball 3-2: Base on Balls
|
Batting: SHB Shumei Yokoyama
|
0-0: Called Strike 0-1: SINGLE (Groundball, 4M) Lawrence Schroeder to second Runner from 2nd tries for 3rd, SAFE, throw made to third
|
Batting: RHB Ángel Hinojosa
|
0-0: Called Strike 0-1: SINGLE (Groundball, 4M) Lawrence Schroeder scores Shumei Yokoyama to second
|
Batting: RHB Juan Sánchez
|
0-0: Ball 1-0: Ball 2-0: Bunted foul 2-1: Sac Bunt - play at first, batter OUT! 1-4 Shumei Yokoyama to third Ángel Hinojosa to second
|
Batting: RHB Juan Carlos Rodríguez
|
0-0: Called Strike 0-1: Ball 1-1: Ball 2-1: Ball 3-1: Called Strike 3-2: Base on Balls
|
Batting: RHB Eichiro Yamamoto
|
0-0: Ball 1-0: Swinging Strike 1-1: Ball 2-1: Ball 3-1: Base on Balls Shumei Yokoyama scores Ángel Hinojosa to third Juan Carlos Rodríguez to second
|
Pitching: RHP Pierre Deschênes
|
|
Batting: LHB Clyde Yarbrough
|
0-0: Called Strike 0-1: Ball 1-1: SINGLE (Line Drive, 7S) Ángel Hinojosa scores Juan Carlos Rodríguez to third Eichiro Yamamoto to second
|
Batting: LHB Dante Owens
|
0-0: Foul Ball, location: 2F 0-1: Ball 1-1: Foul Ball, location: 2F 1-2: Strikes out swinging
|
Batting: LHB Donovan Bird
|
0-0: Ball 1-0: Fly out, F8 (Flyball, 8RXD)
|
Top of the 8th over - 3 run(s), 3 hit(s), 0 error(s), 3 left on base; Niagara Falls 5 - Greenville 2 |
BOTTOM OF THE 8TH |
Greenville 84s batting - Pitching for Niagara Falls Frenzy : LHP António Bueno
|
Pitching: LHP Santiago Valentín
|
|
Batting: RHB Carlos Torres
|
0-0: Called Strike 0-1: Ball 1-1: Ball 2-1: Foul Ball, location: 2F 2-2: Ball 3-2: Fly out, F4 (Popup, 34D)
|
Batting: LHB Chris Moore
|
0-0: Foul Ball, location: 2F 0-1: Foul Ball, location: 2F 0-2: Foul Ball, location: 2F 0-2: Ball 1-2: Strikes out swinging
|
Batting: RHB Enzo Díaz
|
0-0: Ball 1-0: Ball 2-0: Called Strike 2-1: Called Strike 2-2: Foul Ball, location: 2F 2-2: Ball 3-2: Foul Ball, location: 2F 3-2: Ground out 6-3 (Groundball, 56)
|
Bottom of the 8th over - 0 run(s), 0 hit(s), 0 error(s), 0 left on base; Niagara Falls 5 - Greenville 2 |
TOP OF THE 9TH |
Niagara Falls Frenzy batting - Pitching for Greenville 84s : RHP Pierre Deschênes
|
Batting: RHB Lawrence Schroeder
|
0-0: SINGLE (Groundball, 56D)
|
Batting: SHB Shumei Yokoyama
|
0-0: Ball 1-0: Fly out, F7 (Line Drive, 7M)
|
Batting: RHB Ángel Hinojosa
|
0-0: Ball 1-0: Ball 2-0: Called Strike 2-1: Ball 3-1: Base on Balls Lawrence Schroeder to second
|
Batting: RHB Juan Sánchez
|
0-0: Foul Ball, location: 2F 0-1: Called Strike 0-2: Ball 1-2: Strikes out swinging
|
Batting: RHB Juan Carlos Rodríguez
|
0-0: Ball 1-0: Foul Ball, location: 2F 1-1: Foul Ball, location: 2F 1-2: Foul Ball, location: 2F 1-2: Strikes out swinging
|
Top of the 9th over - 0 run(s), 1 hit(s), 0 error(s), 2 left on base; Niagara Falls 5 - Greenville 2 |
BOTTOM OF THE 9TH |
Greenville 84s batting - Pitching for Niagara Falls Frenzy : LHP Santiago Valentín
|
Pitching: RHP Esteban Juárez
|
|
Batting: LHB Jimmy Vickers
|
0-0: Ball 1-0: DOUBLE (Line Drive, 3D)
|
Batting: LHB Paco Rosas
|
0-0: Ball 1-0: SINGLE (Flyball, 9S) Jimmy Vickers to third
|
Pinch Hitting: LHB Vicente Bueno
|
0-0: Foul Ball, location: 2F 0-1: Foul Ball, location: 2F 0-2: Ball 1-2: Ball 2-2: Ball 3-2: Foul Ball, location: 2F 3-2: DOUBLE (Line Drive, 9D) Jimmy Vickers scores Paco Rosas to third
|
Batting: LHB Kiyonaga Morita
|
0-0: Ball 1-0: Called Strike 1-1: Ball 2-1: Swinging Strike 2-2: Ball 3-2: Base on Balls
|
Batting: LHB Al Mills
|
0-0: Foul Ball, location: 2F 0-1: Called Strike 0-2: Strikes out swinging
|
Batting: LHB Brock Larsen
|
0-0: Ball 1-0: Called Strike 1-1: SINGLE (Flyball, 78S) Paco Rosas scores Vicente Bueno to third Kiyonaga Morita to second Runner from 3rd tries for Home, SAFE, no throw or cutoff
|
Pitching: RHP Kimitada Takai
|
|
Batting: RHB Carlos Torres
|
0-0: Foul Ball, location: 2F 0-1: Swinging Strike 0-2: Ball 1-2: Grounds into double play, 6-4-3 (Groundball, 6)
|
Bottom of the 9th over - 3 run(s), 4 hit(s), 0 error(s), 1 left on base; Niagara Falls 5 - Greenville 5 |
TOP OF THE 10TH |
Niagara Falls Frenzy batting - Pitching for Greenville 84s : RHP Pierre Deschênes
|
Pitching: LHP Francisco Ríos
|
|
Now in LF: Vicente Bueno
|
|
Batting: RHB Eichiro Yamamoto
|
0-0: Foul Ball, location: 2F 0-1: SOLO HOME RUN (Flyball, 9D), Distance : 357 ft
|
Batting: LHB Clyde Yarbrough
|
0-0: Ball 1-0: Ball 2-0: SINGLE (Flyball, 89S)
|
Batting: LHB Dante Owens
|
0-0: Ball 1-0: Foul Ball, location: 2F 1-1: Foul Ball, location: 2F 1-2: Foul Ball, location: 2F 1-2: Ball 2-2: Foul Ball, location: 2F 2-2: SINGLE (Groundball, 34D) (infield hit) Clyde Yarbrough to second
|
Batting: LHB Donovan Bird
|
0-0: Called Strike 0-1: Ground out 4-3 (Groundball, 4D) Clyde Yarbrough to third Dante Owens to second
|
Batting: RHB Lawrence Schroeder
|
0-0: Intentional Walk
|
Batting: SHB Shumei Yokoyama
|
0-0: Ball 1-0: Called Strike 1-1: Swinging Strike 1-2: Ball 2-2: Ball 3-2: Strikes out looking
|
Pitching: RHP Esteban Gonzáles
|
|
Pinch Hitting: LHB Seung-woo Yi
|
0-0: Called Strike 0-1: Ball 1-1: Ball 2-1: Ball 3-1: Base on Balls Clyde Yarbrough scores Dante Owens to third Lawrence Schroeder to second
|
Batting: RHB Juan Sánchez
|
0-0: Ball 1-0: Foul Ball, location: 2F 1-1: Swinging Strike 1-2: Foul Ball, location: 2F 1-2: Ball 2-2: Ball 3-2: Strikes out swinging
|
Top of the 10th over - 2 run(s), 3 hit(s), 0 error(s), 3 left on base; Niagara Falls 7 - Greenville 5 |
BOTTOM OF THE 10TH |
Greenville 84s batting - Pitching for Niagara Falls Frenzy : RHP Kimitada Takai
|
Pitching: RHP Armando López
|
|
Now at 3B: Seung-woo Yi
|
|
Batting: LHB Chris Moore
|
0-0: Ball 1-0: Swinging Strike 1-1: Fly out, F7 (Flyball, 78D)
|
Batting: RHB Enzo Díaz
|
0-0: Called Strike 0-1: Ball 1-1: Foul Ball, location: 2F 1-2: Fly out, F3 (Popup, 23)
|
Batting: LHB Jimmy Vickers
|
0-0: Called Strike 0-1: SINGLE (Line Drive, 6D)
|
Batting: LHB Paco Rosas
|
0-0: Called Strike 0-1: Ball 1-1: Ground out U3 (Groundball, 3)
|
Bottom of the 10th over - 0 run(s), 1 hit(s), 0 error(s), 1 left on base; Niagara Falls 7 - Greenville 5 |
|